 Dungeon Crawl Stone Soup version 0.13-a0-2606-g170388b (webtiles) character file.

126 Kae the Firebug (level 3, -2/19 HPs)
             Began as a Tengu Fire Elementalist on Aug 4, 2013.
             Slain by Terence
             ... wielding a +0,+0 mace
              (8 damage)
             ... on Level 2 of the Dungeon.
             The game lasted 00:01:56 (1346 turns).

Kae the Firebug (Tengu Fire Elementalist)           Turns: 1346, Time: 00:01:56

HP  -2/19        AC  2     Str  8      XL: 3   Next: 68%
MP   2/7         EV 12     Int 16      God:
Gold 80          SH  0     Dex 14      Spells:  2 memorised,  2 levels left

Res.Fire  : . . .   See Invis. : .   (no weapon)
Res.Cold  : . . .   Warding    : .   a - +0 robe
Life Prot.: . . .   Conserve   : .   (no shield)
Res.Poison: .       Res.Corr.  : .   (helmet restricted)
Res.Elec. : .       Clarity    : .   (no cloak)
Sust.Abil.: . .     Spirit.Shd : .   (no gloves)
Res.Mut.  : .       Stasis     : .   (boots unavailable)
Res.Rott. : .       Flight     : .   (no amulet)
Saprovore : . . .                    (no ring)
                                     (no ring)

@: very slightly contaminated, not resistant to hostile enchantments, fairly
stealthy
A: beak, talons 3
a: no special abilities


You were on level 2 of the Dungeon.
You were hungry.

You visited 1 branch of the dungeon, and saw 2 of its levels.

You collected 60 gold pieces.

Inventory:

Armour
 a - a +0 robe (worn)
Comestibles
 c - 3 bread rations
 f - 2 meat rations
Scrolls
 e - a scroll of teleportation {unknown}
 g - a scroll of random uselessness {unknown}
 h - a scroll of enchant weapon II {unknown}
Potions
 d - 2 potions of curing
 j - a potion of brilliance {unknown}
 k - a potion of confusion {unknown}
Books
 b - a book of Flames

   Spells                             Type                      Level
   *Flame Tongue                      Conjuration/Fire             1
   *Throw Flame                       Conjuration/Fire             2
   Conjure Flame                      Conjuration/Fire             3
   Inner Flame                        Hexes/Fire                   3
   Sticky Flame                       Conjuration/Fire             4
   Fireball                           Conjuration/Fire             5
 i - a book of Necromancy

   Spells                             Type                      Level
   Pain                               Necromancy                   1
   Animate Skeleton                   Necromancy                   1
   Lethal Infusion                    Charms/Necromancy            2
   Vampiric Draining                  Necromancy                   3
   Regeneration                       Charms/Necromancy            3
   Animate Dead                       Necromancy                   4
   Control Undead                     Necromancy                   4


   Skills:
 - Level 2.1 Dodging
 - Level 2.0 Stealth
 + Level 1.5 Spellcasting
 * Level 3.6 Conjurations
 + Level 3.7 Fire Magic


You had 2 spell levels left.
You knew the following spells:

 Your Spells              Type           Power        Failure   Level  Hunger
a - Flame Tongue          Conj/Fire      ##...        6%          1    ##.....
b - Throw Flame           Conj/Fire      ##....       10%         2    ###....


Dungeon Overview and Level Annotations

Branches:
Dungeon (2/27)

Altars:

Annotations
D:2 Terence


Innate Abilities, Weirdness & Mutations

You have a beak for a mouth.
You have claws for feet.


Message History

Confirm with . or Enter, or press ? or * to list all spells.
Aiming: Flame Tongue
Press: ? - help, Shift-Dir - straight line, f/p - Terence
Aim: Terence, wielding a mace and wearing an elven scale mail The flame hits Terence.
Terence appears unharmed.
Terence barely misses you.
Casting: Flame Tongue
Confirm with . or Enter, or press ? or * to list all spells.
Aiming: Flame Tongue
Press: ? - help, Shift-Dir - straight line, f/p - Terence
Aim: Terence, wielding a mace and wearing an elven scale mail The flame hits Terence.
Terence appears unharmed.
Terence hits you with a mace.
Casting: Flame Tongue
Confirm with . or Enter, or press ? or * to list all spells.
Aiming: Flame Tongue
Press: ? - help, Shift-Dir - straight line, f/p - Terence
Aim: Terence, wielding a mace and wearing an elven scale mail You miscast Flame Tongue.
You are very lightly contaminated with residual magic.
Nothing appears to happen.
Terence hits you with a mace!
You die...

....####.##.# #####[#
#####
#.##.###########.....#
#
#................##..#
####..####.########..#
#..# #.# #..#
#######..####.## #..#
#......<...)...# #..#
#####.#.###..##.#..#
#..#
.......%.#...#..@@.#
#..#
#........#..##..##.#
#..# #......%.#..##..#
... .....
#...........##..# ####
#.# ##..........##..#
#.# . #......(.......#
###.#..#
#.......>..##.##
#......#
##########.###..##
#.#.##.# .# #.# #...#
#.#.##.#


You could see Terence.

Vanquished Creatures
  An adder (D:2)
  A giant gecko (D:1)
  3 bats (D:1)
  4 giant cockroaches
  8 goblins
  5 hobgoblins
  5 kobolds
  11 rats
38 creatures vanquished.

Notes
Turn   | Place    | Note
--------------------------------------------------------------
     0 | D:1      | Kae, the Tengu Fire Elementalist, began the quest for the Orb.
     0 | D:1      | Reached XP level 1. HP: 10/10 MP: 3/3
   235 | D:1      | Reached XP level 2. HP: 6/15 MP: 3/5
   371 | D:1      | Learned a level 2 spell: Throw Flame
   833 | D:2      | Reached XP level 3. HP: 15/19 MP: 7/7
  1244 | D:2      | Noticed Terence
  1346 | D:2      | Slain by Terence

Action                   || total
-------------------------++-------
Melee: Unarmed           ||    16
 Cast: Flame Tongue      ||    63
  Use: Potion            ||     1
